AoeStats
← SnarlinPaper

Yucatan

510566975Analyzed
2v2 RM · 2d ago on Oct 1, 2026· 64m 36s· 4 players
Game mode
Random Map
Map size
Medium (4 player)
Population
200
Speed
Normal
Resources
Standard
Victory
Conquest
Starting age
Dark Age
Ending age
Imperial Age
RankedLock teamsTeams togetherTeam positionsShared explorationLock speedFull tech treeHidden civsTurbo modeCheats
Victory
Defeat
🇪🇸 Bohemians · Spain
1438
+23
🇬🇧 Mongols · United Kingdom
1434
+23
🇬🇧 Varangians · United Kingdom
1658
-25
🇬🇧 Danes · United Kingdom
1549
-21
Flow
9:21 Loom
14:17 Feudal Age
18:34 Castle Age
19:29 Double-Bit Axe
19:25 Horse Collar
22:37 Imperial Age
20:40 Fletching
21:00 Elite Skirmisher
22:59 Chemistry
22:52 Padded Archer Armor
23:14 Bodkin Arrow
24:18 Ballistics
30:04 Sanctity
30:33 Bracer
42:49 Scale Mail Armor
43:12 Pikeman
47:15 Bow Saw
47:06 Heavy Plow
47:52 Block Printing
48:14 Theocracy
48:31 Squires
49:45 Chain Mail Armor
49:44 Halberdier
51:05 Forging
53:45 Plate Mail Armor
54:56 Wheelbarrow
54:07 Town Watch
55:12 Town Patrol
55:39 Leather Archer Armor
56:29 Conscription
57:10 Iron Casting
57:40 Ring Archer Armor
57:36 Siege Engineers
57:43 Elite Hussite Wagon
63:33 Heavy Plow
UpsideDownCumbrian
9:32 Feudal Age
13:09 Castle Age
11:48 Double-Bit Axe
12:03 Fletching
13:52 Loom
14:23 Bow Saw
19:25 Bodkin Arrow
23:34 Scale Barding Armor
28:02 Horse Collar
29:07 Wheelbarrow
29:00 Gold Mining
31:36 Hand Cart
31:50 Padded Archer Armor
32:16 Town Watch
33:13 Bloodlines
33:04 Husbandry
34:55 Ballistics
36:28 Gold Shaft Mining
39:35 Imperial Age
37:08 Light Cavalry
38:09 Chain Barding Armor
38:00 Forging
38:15 Leather Archer Armor
39:37 Elite Mangudai
40:22 Bracer
41:25 Chemistry
40:31 Capped Ram
41:40 Conscription
41:57 Heavy Plow
41:32 Siege Ram
41:43 Hussar
43:52 Drill
44:02 Chain Barding Armor
43:52 Forging
50:41 Heavy Scorpion
51:38 Siege Engineers
52:50 Scale Mail Armor
53:29 Iron Casting
53:15 Heavy Camel Rider
55:41 Hoardings
57:07 Stone Mining
60:05 Blast Furnace
63:16 Onager
Ash
8:35 Loom
10:20 Feudal Age
13:02 Double-Bit Axe
13:24 Fletching
18:16 Castle Age
20:19 Bow Saw
21:25 Bodkin Arrow
21:04 Crossbowman
22:10 Padded Archer Armor
22:32 Horse Collar
26:52 Scale Barding Armor
28:28 Bloodlines
31:39 Imperial Age
30:21 Bloodlines
30:41 Light Cavalry
31:23 Husbandry
45:51 Elite Skirmisher
47:01 Bracer
47:16 Heavy Plow
48:11 Ballistics
48:39 Leather Archer Armor
50:24 Ring Archer Armor
49:55 Scale Mail Armor
50:05 Forging
52:32 Chemistry
53:13 Wheelbarrow
52:23 Town Watch
55:09 Hand Cart
54:57 Town Patrol
54:32 Pikeman
55:50 Thumb Ring
56:38 Halberdier
57:19 Squires
57:35 Chain Mail Armor
57:35 Gold Mining
57:37 Stone Mining
57:48 Arson
58:13 Hamask
59:54 Conscription
60:16 Plate Mail Armor
60:22 Iron Casting
60:29 Iron Casting
61:54 Elite Jomsviking
65:30 Blast Furnace
SnarlinPaper
9:57 Feudal Age
8:32 Loom
13:39 Castle Age
11:56 Double-Bit Axe
14:56 Husbandry
15:26 Bow Saw
15:43 Horse Collar
19:27 Scale Barding Armor
20:04 Bloodlines
20:42 Fletching
21:26 Elite Skirmisher
22:48 Bodkin Arrow
25:32 Gold Mining
29:11 Chain Barding Armor
30:00 Forging
32:07 Wheelbarrow
32:09 Town Watch
35:38 Hand Cart
38:02 Imperial Age
36:40 Heavy Plow
37:16 Stone Mining
38:30 Iron Casting
38:03 Cavalier
39:25 Plate Barding Armor
39:15 Conscription
39:28 Devotion
41:02 Blast Furnace
40:04 Gothikon
40:07 Vendel Legacy
43:06 Ballistics
42:39 Capped Ram
43:35 Bracer
44:41 Padded Archer Armor
46:38 Leather Archer Armor
46:21 Light Cavalry
51:01 Hussar
54:59 Coinage
55:23 Scale Mail Armor
Connection lost

Rejoining the realm…

Still unreachable

The connection could not be restored.

Session expired

The server has moved on; the page needs a fresh start.